 Dungeon Crawl Stone Soup version 0.29.1-15-g9cfb28693d (webtiles) character file.

Game seed: 8135366433624910765

816 CommanderCrumbcake the Fighter (level 7, -7/64 HPs)
             Began as a Gnoll Wanderer on Feb 25, 2023.
             Was a Believer of Makhleb.
             Mangled by an iguana (8 damage)
             ... on level 5 of the Dungeon.
             The game lasted 00:25:34 (4398 turns).

CommanderCrumbcake the Fighter (Gnoll Wanderer)     Turns: 4398, Time: 00:25:35

Health: -7/64      AC:  2    Str: 13    XL:     7   Next: 94%
Magic:  1/13       EV: 16    Int: 12    God:    Makhleb [**....]
Gold:   247        SH:  0    Dex: 11    Spells: 3/14 levels left

rFire   . . .      SeeInvis .   g - +0 war axe (vorpal)
rCold   . . .      Faith    .   (no shield)
rNeg    . . .      Spirit   .   c - +0 robe
rPois   .          Reflect  .   (no helmet)
rElec   .          Harm     .   (no cloak)
rCorr   .          Rampage  .   (no gloves)
Will    .....                   (no boots)
Stlth   ++........              (no amulet)
HPRegen 0.20/turn               f - +4 ring of evasion
MPRegen 0.13/turn               (no ring)

@: no status effects
A: fangs 1, strong nose, distributed training
a: Renounce Religion, Minor Destruction


You were on level 5 of the Dungeon.
You worshipped Makhleb.
Makhleb was pleased with you.
You visited 1 branch of the dungeon, and saw 5 of its levels.

You collected 247 gold pieces.

Inventory:

Hand Weapons
 a - a +0 club of draining
 g - a +0 vorpal war axe (weapon)
 p - a +1 hand axe of electrocution
Missiles
 i - 2 javelins
 m - 5 boomerangs (quivered)
Armour
 c - a +0 robe (worn)
Jewellery
 f - a +4 ring of evasion (left hand)
Scrolls
 b - 2 scrolls of butterflies
 d - 3 scrolls of teleportation
 q - a scroll of noise {unknown}
Potions
 e - a potion of magic {unknown}
 j - a potion of flight
 k - a potion of lignification {unknown}
 n - a potion of attraction {unknown}
 o - 2 potions of curing {unknown}
 r - a potion of invisibility {unknown}
 s - a potion of mutation {unknown}


   Skills:
 + Level 9.0 Fighting
 + Level 2.9 Short Blades
 + Level 2.9 Long Blades
 + Level 2.9 Axes
 + Level 2.9 Maces & Flails
 + Level 2.9 Polearms
 + Level 2.9 Staves
 + Level 2.9 Ranged Weapons
 + Level 2.9 Throwing
 + Level 2.9 Armour
 + Level 2.9 Dodging
 + Level 2.9 Stealth
 + Level 2.9 Shields
 + Level 2.9 Unarmed Combat
 + Level 4.1 Spellcasting
 + Level 2.3 Conjurations
 + Level 2.3 Hexes
 + Level 2.3 Summonings
 + Level 4.5 Necromancy
 + Level 2.3 Translocations
 + Level 2.3 Transmutations
 + Level 2.3 Fire Magic
 + Level 2.3 Ice Magic
 + Level 4.5 Air Magic
 + Level 2.3 Earth Magic
 + Level 2.3 Poison Magic
 + Level 4.2 Invocations
 + Level 2.9 Evocations


You had 3 spell levels left.
You knew the following spells:

 Your Spells              Type           Power      Damage    Failure   Level
a - Shock                 Conj/Air       40%        1d5       5%          1
b - Vampiric Draining     Necr           13%        2d6       11%         3
c - Confusing Touch       Hex            8%         N/A       26%         3
d - Corpse Rot            Necr/Pois/Air  11%        N/A       41%         4

Your spell library contained the following spells:

 Spells                   Type           Power      Damage    Failure   Level
 Necrotise                Necr           52%        1d6       3%          1
 Slow                     Hex            32%        N/A       9%          1
 Summon Lightning Spire   Summ/Air       10%        N/A       47%         4


Dungeon Overview and Level Annotations

Branches:
Dungeon (5/15)
 Temple: D:4-7

Altars:
Gozag
Makhleb


Innate Abilities, Weirdness & Mutations

You have very sharp teeth.
Your uncanny sense of smell can sniff out nearby items.
Your experience applies equally to all skills.


Message History

Aiming: Vampiric Draining (dangerous; 11% risk of failure)
Press: ? - help, Shift-Dir - straight line, f - gnoll
Aim: a gnoll, wielding a +0 halberd (confused)
You draw life force from the gnoll!
You feel life coursing into your body.
The iguana hisses angrily.
The gnoll misses you. x2
Unknown command.
You slash the gnoll!
You kill the gnoll!
Makhleb accepts your kill.
You feel better.
The gnoll hits you from afar with a +0 halberd.
The gnoll closely misses you.
You hit the gnoll.
The gnoll is heavily wounded.
Your miasmic aura is weakening.
The gnoll closely misses you.
The gnoll hits you from afar with a +0 halberd.
The gnoll hits you from afar with a +0 halberd! x2
* * * LOW HITPOINT WARNING * * *
The gnoll closely misses you.
You feel much better. The gnoll closely misses you.
The gnoll hits you with a +0 whip.
The gnoll hits you from afar with a +0 halberd!
You hit the gnoll but do no damage.
The gnoll is heavily wounded.
The gnoll closely misses you.
The gnoll hits you from afar with a +0 halberd! x2
* * * LOW HITPOINT WARNING * * *
Unknown command.
As you read the scroll of summoning, it crumbles to dust.
Wisps of shadow whirl around you... The gnoll hits you with a +0 whip!
* * * LOW HITPOINT WARNING * * *
The iguana barely misses you. The gnoll closely misses you.
The gnoll hits you from afar with a +0 halberd.
* * * LOW HITPOINT WARNING * * *
Found an arbalest and a ring mail.
Your miasmic aura fades.
The iguana bites you!
You die...

#............
##........... #....
............ ..$..
#.........g####...$
......g..........###
.#....g.....##......
.......g....#.......
)......@..g.#.......
.......l..g..†....?.
[.....Osg)...#......
##................##
............#.###.#
............#.# ..
.#####....#.... .
###.......#
##.......


You could see an iguana (ally target), 3 gnolls, a friendly ogre (summoned), a
friendly scorpion (summoned) and 4 friendly gnolls.

Vanquished Creatures
  A black bear (D:4)
  2 ogres (D:4)
  A phantom (D:4)
  A necrophage (D:4)
  2 scorpions (D:4)
  2 howler monkeys (D:4)
  3 iguanas (D:4)
  6 adders
  A gnoll (D:5)
  3 worms
  A dart slug (D:2)
  2 orcs (D:3)
  5 bats
  9 endoplasms
  3 giant cockroaches
  7 goblins
  6 hobgoblins
  7 jackals
  4 quokkas
  5 ball pythons
  5 frilled lizards
  4 kobolds
  6 rats
86 creatures vanquished.

Notes
Turn   | Place    | Note
-------+----------+-------------------------------------------
     0 | D:1      | CommanderCrumbcake the Gnoll Wanderer began the quest for
                  | the Orb.
     0 | D:1      | CommanderCrumbcake set off with the following items: a +0
                  | club, a scroll of butterflies, a +0 robe, a scroll of
                  | teleportation; and the following spells available to
                  | memorise: Necrotise, Shock, Vampiric Draining, Corpse Rot,
                  | Summon Lightning Spire.
     0 | D:1      | Reached XP level 1. HP: 26/26 MP: 4/4
     2 | D:1      | Learned a level 1 spell: Shock
   205 | D:1      | Reached XP level 2. HP: 25/33 MP: 2/5
   386 | D:2      | Reached XP level 3. HP: 11/38 MP: 1/7
   649 | D:3      | Learned a level 3 spell: Vampiric Draining
   734 | D:3      | Found a burning altar of Makhleb.
   856 | D:3      | Became a worshipper of Makhleb the Destroyer
   901 | D:3      | Reached skill level 1 in Short Blades
   901 | D:3      | Reached skill level 1 in Long Blades
   901 | D:3      | Reached skill level 1 in Axes
   901 | D:3      | Reached skill level 1 in Maces & Flails
   901 | D:3      | Reached skill level 1 in Polearms
   901 | D:3      | Reached skill level 1 in Staves
   901 | D:3      | Reached skill level 1 in Ranged Weapons
   901 | D:3      | Reached skill level 1 in Throwing
   901 | D:3      | Reached skill level 1 in Armour
   901 | D:3      | Reached skill level 1 in Dodging
   901 | D:3      | Reached skill level 1 in Stealth
   901 | D:3      | Reached skill level 1 in Shields
   901 | D:3      | Reached skill level 1 in Unarmed Combat
   901 | D:3      | Reached skill level 1 in Evocations
  1267 | D:3      | Reached XP level 4. HP: 45/45 MP: 6/8
  1291 | D:3      | Reached skill level 1 in Conjurations
  1291 | D:3      | Reached skill level 1 in Hexes
  1291 | D:3      | Reached skill level 1 in Summonings
  1291 | D:3      | Reached skill level 1 in Translocations
  1291 | D:3      | Reached skill level 1 in Transmutations
  1291 | D:3      | Reached skill level 1 in Fire Magic
  1291 | D:3      | Reached skill level 1 in Ice Magic
  1291 | D:3      | Reached skill level 1 in Earth Magic
  1291 | D:3      | Reached skill level 1 in Poison Magic
  1505 | D:2      | Learned a level 3 spell: Confusing Touch
  2050 | D:2      | Reached * piety under Makhleb
  2569 | D:1      | Reached XP level 5. HP: 51/51 MP: 6/9
  2955 | D:1      | Found a faded altar of an unknown god.
  3371 | D:4      | Noticed an ogre
  3399 | D:4      | Killed an ogre
  3463 | D:4      | Reached XP level 6. HP: 52/57 MP: 11/11
  3468 | D:4      | Learned a level 4 spell: Corpse Rot
  3751 | D:4      | Noticed a black bear
  3762 | D:4      | Reached XP level 7. HP: 55/63 MP: 12/12
  3884 | D:4      | Reached skill level 9 in Fighting
  4047 | D:4      | Found an opulent altar of Gozag.
  4375 | D:5      | Entered Level 5 of the Dungeon
  4384 | D:5      | Reached ** piety under Makhleb
  4397 | D:5      | HP: 2/64 [gnoll/+0 whip (8)]
  4398 | D:5      | Mangled by an iguana

Illustrated notes

Levels and vault maps discovered:
D:1:      wander_arrival_estate, layout_basic,
          dreamdust_ecumenical_altar_hidden_monk_grotto,
          chequers_serial_rivers_micro_e
D:2:      layout_basic, minmay_misc_feat_nine_boxes
D:3:      layout_loops_cross, mainiacjoe_overflow_six_doors_small, serial_glass,
          glass_columns_b, glass_columns_a, glass_columns_a, glass_columns_c,
          minmay_misc_feat_five
D:4:      layout_loops_corners, mainiacjoe_overflow_paths,
          roderic_serpentine_path
D:5:      layout_rooms, mainiacjoe_overflow_cross_hatched, grunt_ministairs_3,
          uniq_sigmund, uniq_duvessa, uniq_crazy_yiuf_cottage

Skill      XL: |  1  2  3  4  5  6  7 |
---------------+----------------------+-----
Short Blades   | 1 2 |  2.9
Long Blades    | 1 2 |  2.9
Axes           | 1 2 |  2.9
Maces & Flails | 1 2 |  2.9
Polearms       | 1 2 |  2.9
Staves         | 1 2 |  2.9
Ranged Weapons | 1 2 |  2.9
Throwing       | 1 2 |  2.9
Armour         | 1 2 |  2.9
Dodging        | 1 2 |  2.9
Stealth        | 1 2 |  2.9
Shields        | 1 2 |  2.9
Unarmed Combat | 1 2 |  2.9
Evocations     | 1 2 |  2.9
Spellcasting   | 3 4 |  4.1
Conjurations   | 1 2 |  2.3
Hexes          | 1 2 |  2.3
Summonings     | 1 2 |  2.3
Translocations | 1 2 |  2.3
Transmutations | 1 2 |  2.3
Fire Magic     | 1 2 |  2.3
Ice Magic      | 1 2 |  2.3
Earth Magic    | 1 2 |  2.3
Poison Magic   | 1 2 |  2.3
Invocations    | 3 4 |  4.2
Necromancy     | 4 |  4.5
Air Magic      | 4 |  4.5
Fighting       | 9 |  9.0

Action                   |  1- 3 |  4- 6 |  7- 9 || total
-------------------------+-------+-------+-------++-------
Melee: Club              |    62 |    69 |       ||   131
       Bite              |     5 |    13 |       ||    18
       Punch             |       |     5 |     1 ||     6
       Hand axe          |       |    26 |    19 ||    45
       War axe           |       |       |     9 ||     9
Throw: Boomerang         |       |    25 |     5 ||    30
 Cast: Shock             |    42 |    28 |       ||    70
       Vampiric Draining |     2 |     9 |     8 ||    19
       Confusing Touch   |       |     1 |     1 ||     2
       Corpse Rot        |       |       |     2 ||     2
  Use: Scroll            |     2 |     4 |     2 ||     8
       Potion            |       |     1 |     1 ||     2
 Stab: Sleeping          |       |     1 |       ||     1
Armor: Robe              |    21 |    22 |     3 ||    46
Dodge: Dodged            |    78 |    88 |    45 ||   211
